 Dungeon Crawl Stone Soup version 0.26.1-11-gd32895ea62 (webtiles) character file.

Game seed: 15867900148514447136

195 dtburroughs the Chopper (level 5, 0/47 HPs)
             Began as a Minotaur Berserker on June 13, 2021.
             Was a Believer of Trog.
             Slain by Sigmund
             ... wielding a +2 scythe of protection
              (11 damage)
             ... on level 3 of the Dungeon.
             The game lasted 00:03:57 (2223 turns).

dtburroughs the Chopper (Minotaur Berserker)        Turns: 2223, Time: 00:03:58

Health: 0/47       AC:  9    Str: 21    XL:     5   Next: 45%
Magic:  4/4        EV:  8    Int:  5    God:    Trog [**....]
Gold:   100        SH:  3    Dex: 10    Spells: 4/4 levels left

rFire    . . .     SeeInvis .   a - +0 hand axe
rCold    . . .     Faith    .   r - +0 buckler (curse)
rNeg     . . .     Spirit   .   p - +0 chain mail
rPois    .         Reflect  .   (helmet restricted)
rElec    .         Harm     .   (no cloak)
rCorr    .         Rampage  .   (no gloves)
Will     .....                  (no boots)
Stlth    ..........             (no amulet)
HPRegen  0.15/turn              (no ring)
MPRegen  0.09/turn              (no ring)

@: no status effects
A: retaliatory headbutt, horns 2
a: Renounce Religion, Berserk, Trog's Hand


You were on level 3 of the Dungeon.
You worshipped Trog.
Trog was pleased with you.
You visited 1 branch of the dungeon, and saw 3 of its levels.

You collected 100 gold pieces.

Inventory:

Hand Weapons
 a - a +0 hand axe (weapon)
Armour
 p - a +0 chain mail (worn)
 r - a cursed +0 buckler (worn)
Jewellery
 q - a cursed +6 ring of intelligence {unknown}
Scrolls
 b - 7 scrolls of identify
 e - 3 scrolls of teleportation
 f - 2 scrolls of random uselessness {unknown}
 j - a scroll of enchant armour {unknown}
 k - a scroll of fog {unknown}
 l - a scroll of blinking {unknown}
 m - 3 scrolls of enchant weapon {unknown}
 n - 2 scrolls of remove curse {unknown}
 t - a scroll of magic mapping {unknown}
Potions
 c - 3 potions of curing {unknown}
 d - 2 potions of lignification {unknown}
 g - a potion of berserk rage {unknown}
 h - a potion of might {unknown}
 i - a potion of attraction {unknown}
 o - a potion of brilliance {unknown}
 s - 2 potions of magic {unknown}


   Skills:
 + Level 4.8 Fighting
 + Level 4.8 Axes
 + Level 4.0 Armour
 + Level 3.6 Dodging


You had 4 spell levels left.
You didn't know any spells.
Your spell library was empty.

Dungeon Overview and Level Annotations

Branches:
Dungeon (3/15)

Altars:

Annotations:
D:3 Sigmund


Innate Abilities, Weirdness & Mutations

You reflexively headbutt those who attack you in melee.
You have a pair of horns on your head.


Message History

Trog accepts your kill. You block something's attack.
Items here: ) [ ††††††.
You miss something. Something hits you!
You barely miss something. Something completely misses you.
You closely miss something.
You hear some strange, mumbled words.
You are confused.
You bump into the rock wall.
You hear the slow rusting of a drain nearby.
You hear some strange, mumbled words.
Something tries to affect you, but you resist.
You closely miss something. Something hits you but does no damage.
You bump into the rock wall.
Something hits you!
* * * LOW HITPOINT WARNING * * *
You bump into the rock wall.
You feel less confused. Something hits you!
You die...

##.....## #.......#
#.......# #.......##
#........# #...####)##
#.# . #{.# #.# ##)#
#.# #@# #.# #.## #.#
#..##### #.# #......#
#.# #......# #.######
##......####.......
.........)...........
.....................
......................


There were no monsters in sight!

Vanquished Creatures
  An orc wizard (D:3)
  Jessica (D:2)
  Terence (D:2)
  4 adders
  2 oozes
  A worm (D:2)
  A dart slug (D:1)
  2 leopard geckos
  2 orcs (D:3)
  2 giant cockroaches
  7 goblins
  14 hobgoblins
  2 jackals (D:3)
  6 kobolds
  3 quokkas (D:2)
  8 bats
  3 frilled lizards
  2 rats
62 creatures vanquished.

Vanquished Creatures (others)
  3 plants (D:3)
3 creatures vanquished.

Grand Total: 65 creatures vanquished

Notes
Turn   | Place    | Note
-------+----------+-------------------------------------------
     0 | D:1      | dtburroughs the Minotaur Berserker began the quest for the
                  | Orb.
     0 | D:1      | Reached XP level 1. HP: 19/19 MP: 0/0
   403 | D:1      | Reached XP level 2. HP: 27/27 MP: 1/1
   987 | D:2      | Noticed Jessica
   992 | D:2      | Killed Jessica
   993 | D:2      | Reached XP level 3. HP: 32/33 MP: 2/2
  1103 | D:2      | Noticed Terence
  1117 | D:2      | Killed Terence
  1118 | D:2      | Reached XP level 4. HP: 20/41 MP: 3/3
  1307 | D:2      | Found a faded altar of an unknown god.
  1384 | D:2      | Reached ** piety under Trog
  1843 | D:2      | Reached XP level 5. HP: 42/47 MP: 4/4
  2182 | D:3      | Noticed Sigmund
  2223 | D:3      | Slain by Sigmund

Illustrated notes

Levels and vault maps discovered:
D:1:      tarquinn_simple_flora_water_d, layout_basic
D:2:      layout_basic, chequers_ecumenical_altar_simple, uniq_terence,
          uniq_jessica
D:3:      cheibrodos_old_hovel, layout_basic, vehumet_crystals,
          nicolae_overflow_crystal_walls, portal_sewer_entry_b, uniq_sigmund

Skill      XL: |  1  2  3  4  5 |
---------------+----------------+-----
Axes           | 4 |  4.8
Fighting       | 4 |  4.8
Armour         | 3 4 |  4.0
Dodging        | 3 |  3.6

Action                   |  1- 3 |  4- 6 || total
-------------------------+-------+-------++-------
Melee: Hand axe          |    60 |    75 ||   135
       Headbutt          |     9 |    10 ||    19
  Use: Scroll            |       |     1 ||     1
Armor: Animal skin       |    12 |       ||    12
       Leather armour    |     5 |     1 ||     6
       Chain mail        |       |    33 ||    33
Dodge: Dodged            |    55 |    36 ||    91
Block: Buckler           |       |    13 ||    13
